 Dungeon Crawl Stone Soup version 0.21.1-1-g345015f (webtiles) character file.

28 Goblin1989 the Cutter (level 2, -4/24 HPs)
             Began as a Demonspawn Chaos Knight on Feb 16, 2018.
             Slain by Jessica
             ... wielding a +1 dagger of electrocution
              (12 damage)
             ... on level 2 of the Dungeon.
             The game lasted 00:01:59 (1059 turns).

Goblin1989 the Cutter (Demonspawn Chaos Knight)     Turns: 1059, Time: 00:02:01

Health: -4/24      AC:  5    Str: 12    XL:     2   Next: 96%
Magic:  2/2        EV: 11    Int: 13    God:    Xom [..*...]
Gold:   102        SH:  0    Dex: 12    Spells: 1/1 levels left

rFire    . . .     SeeInvis .   a - +0 short sword (chaos)
rCold    . . .     Gourm    .   (no shield)
rNeg     . . .     Faith    .   b - +2 leather armour
rPois    +         Spirit   .   (no helmet)
rElec    .         Reflect  .   (no cloak)
rCorr    .         Harm     .   (no gloves)
MR       .....                  (no boots)
Stlth    +.........             (no amulet)
HPRegen  0.08/turn              o - ring of poison resistance
MPRegen  0.08/turn              (no ring)

@: no status effects
A: spiny 1
a: Renounce Religion


You were on level 2 of the Dungeon.
You worshipped Xom.
You were a toy of Xom.
You were not hungry.

You visited 1 branch of the dungeon, and saw 2 of its levels.

You collected 102 gold pieces.

Inventory:

Hand Weapons
 a - a +0 short sword of chaos (weapon)
Armour
 b - a +2 leather armour (worn)
Jewellery
 o - a ring of poison resistance (left hand)
Scrolls
 p - a scroll of identify {unknown}
Potions
 g - a potion of might {unknown}
 q - a potion of agility {unknown}
Comestibles
 e - 3 rations


   Skills:
 - Level 3.0 Fighting
 + Level 3.8 Short Blades
 - Level 1.7 Armour
 - Level 0.8 Dodging


You had one spell level left.
You didn't know any spells.

Dungeon Overview and Level Annotations

Branches:
Dungeon (2/15)

Altars:

Annotations:
D:2 Jessica


Innate Abilities, Weirdness & Mutations

You are partially covered in sharp spines.


Message History

There is an open door here.
Some of the chunks of flesh in your inventory have rotted away.
q - a glowing yellow potion
Found a stone staircase leading down.
Some of the chunks of flesh in your inventory have rotted away.
You see here 4 tomahawks.
You see here 19 stones.
There is an open door here.
There is an open door here.
All of the chunks of flesh in your inventory have rotted away.
You open the door.
There is an open door here.
Done exploring.
Done exploring.
Done exploring.
(D) Dungeon
Where to? (? - help)
There is an open door here.
There is an open door here.
There is an open door here.
You see here 19 stones.
You open the door.
There is an open door here.
You see here a leather armour.
There is an open door here.
There is a stone staircase leading down here.
You climb downwards.
Marking area around Jessica as unsafe for travelling.
Jessica the Apprentice Sorceress comes into view.
She is wielding a dagger of electrocution.
Jessica shouts!
There is a stone staircase leading up here.
Unknown command.
Jessica zaps a wand.
The puff of flame misses you.
It is a wand of flame (37).
A hobgoblin comes into view. It is wielding a club.
The hobgoblin shouts!
You hear a shout!
The hobgoblin moves out of view.
You hear a shout! x2
You hear an angry hiss.
Jessica zaps a wand.
The puff of flame hits you!
A ball python comes into view.
You hit Jessica but do no damage. You drain Jessica!
Jessica is moderately wounded.
Jessica zaps a wand.
The puff of flame hits you!
You are too injured to fight recklessly!
You are too injured to fight recklessly!
You take 12 damage, and have 12/24 hp.
MASSIVE DAMAGE!!
You are too injured to fight recklessly!
You are too injured to fight recklessly!
You are too injured to fight recklessly!
You are too injured to fight recklessly!
You are too injured to fight recklessly!
You are too injured to fight recklessly!
You are too injured to fight recklessly!
You are too injured to fight recklessly!
You are too injured to fight recklessly!
You are too injured to fight recklessly!
You are too injured to fight recklessly!
You are too injured to fight recklessly!
You are too injured to fight recklessly!
You are too injured to fight recklessly!
You are too injured to fight recklessly!
You are too injured to fight recklessly!
You are too injured to fight recklessly!
You are too injured to fight recklessly!
You are too injured to fight recklessly!
You are too injured to fight recklessly!
You are too injured to fight recklessly!
You are too injured to fight recklessly!
You are too injured to fight recklessly!
You are too injured to fight recklessly!
You are too injured to fight recklessly!
You are too injured to fight recklessly!
Unknown command.
You hit Jessica.
You feel better.
Jessica is severely wounded.
You regained 4 hp, and now have 16/24 hp.
You hit Jessica.
Jessica is severely wounded.
Jessica zaps a wand.
The puff of flame misses you.
A ball python comes into view.
You barely miss Jessica.
Jessica is severely wounded.
Jessica closely misses you.
A hobgoblin comes into view. It is wielding a club.
The hobgoblin shouts!
You hit Jessica but do no damage.
Jessica is severely wounded.
Jessica casts a spell at you. Pain shoots through your body!
* * * LOW HITPOINT WARNING * * *
A shower of butterflies erupts from you!
You take 6 damage, and have 10/24 hp.
MASSIVE DAMAGE!!
You hit Jessica but do no damage.
Jessica is severely wounded.
Jessica hits you with a dagger of electrocution.
* * * LOW HITPOINT WARNING * * *
You are electrocuted!
Ouch! That really hurt!
You die...
Xom is highly amused! .. .. .██ ██..█ . .g.. .. .█ █gS

... ..S.███@█
....
█...b@██...).
█████bb......
█b█████..
██.█.....
█<$..█
█.....█
█...█.█
█.......
...██.█.█


You could see Jessica, 2 hobgoblins and 2 ball pythons.

Vanquished Creatures
  A dart slug (D:1)
  2 leopard geckos (D:1)
  2 bats (D:1)
  2 goblins (D:1)
  3 hobgoblins (D:1)
  4 jackals (D:1)
  A kobold (D:1)
  A ball python (D:1)
  3 frilled lizards (D:1)
  4 rats (D:1)
23 creatures vanquished.

Notes
Turn   | Place    | Note
-------+----------+-------------------------------------------
     0 | D:1      | Goblin1989 the Demonspawn Chaos Knight began the quest for the Orb.
     0 | D:1      | Reached XP level 1. HP: 18/18 MP: 1/1
     6 | D:1      | Noticed a black mamba
     6 | D:1      | Noticed a wyvern
     7 | D:1      | Noticed a wolf
     7 | D:1      | Noticed a lindwurm
    99 | D:1      | Gained mutation: You are partially covered in sharp spines. [demonic ancestry]
    99 | D:1      | Reached XP level 2. HP: 21/24 MP: 2/2
   266 | D:1      | XOM: divination: detect creatures
   755 | D:1      | XOM: divination: detect items
  1049 | D:2      | Noticed Jessica
  1058 | D:2      | XOM: butterfly on damage
  1059 | D:2      | Slain by Jessica

Skill      XL: |  1 |
---------------+----+-----
Short Blades   | 3 |  3.8
Fighting       | |  3.0
Armour         | |  1.7
Dodging        | |  0.8

Action                   || total
-------------------------++-------
Melee: Short sword       ||    50
 Stab: Sleeping          ||     2
Armor: Leather armour    ||    11
Dodge: Dodged            ||    20

Vault maps used:
D:1:      onia_arrival_zoo_common
D:2:      first_ration, minmay_pentomino_u4, uniq_natasha, uniq_jessica
